 Dungeon Crawl Stone Soup version 0.19.1 (webtiles) character file.

2790 Melicamp the Geomancer (level 9, -3/68 HPs)
             Began as a Naga Earth Elementalist on Dec 1, 2016.
             Was an Initiate of Ashenzari.
             Slain by a hog (6 damage)
             ... on level 7 of the Dungeon.
             The game lasted 01:08:45 (9297 turns).

Melicamp the Geomancer (Naga Earth Elementalist)    Turns: 9297, Time: 01:08:45

Health: -3/68      AC:  7    Str: 10    XL:     9   Next: 71%
Magic:  6/19       EV: 10    Int: 19    God:    Ashenzari [......]
Gold:   166        SH:  0    Dex: 12    Spells: 5 memorised, 6 levels left

rFire  . . .     SeeInvis +     b - 47 stones
rCold  . . .     Gourm    .     v - +2 animal skin
rNeg   . . .     Faith    .     (no shield)
rPois  +         Spirit   .     m - +0 hat
rElec  .         Reflect  .     F - +0 cloak
rCorr  .         Harm     .     (no gloves)
MR     +....                    (no barding)
Stlth  ++........               (no amulet)
                                (no ring)
                                (no ring)

@: very slow
A: see invisible, deformed body, poison resistance, slowness 2, slow metabolism
1, spit poison 1, AC +3
a: Spit Poison, Curse Item, Renounce Religion


You were on level 7 of the Dungeon.
You worshipped Ashenzari.
Ashenzari was noncommittal.
You were not hungry.

You visited 2 branches of the dungeon, and saw 8 of its levels.

You collected 294 gold pieces.
You spent 128 gold pieces at shops.

Inventory:

Hand Weapons
 h - a +5 flail of venom
 i - a cursed -2 dagger
 o - a cursed +5 long sword
 s - a +0 rapier
Missiles
 b - 47 stones (in hand)
 f - 81 bolts
 z - 3 curare-tipped needles
 B - 83 arrows
Armour
 c - a +0 robe
 m - a +0 hat (worn)
 v - a +2 animal skin (worn)
 C - a +0 large shield
 F - a +0 cloak (worn)
Wands
 n - a wand of slowing (19/48)
 t - a wand of flame (44/48)
 u - a wand of teleportation (0/9)
 A - a wand of iceblast (7/15)
Scrolls
 q - a scroll of enchant weapon
 y - a scroll of amnesia
Potions
 a - a potion of invisibility
 j - a potion of resistance
 k - a potion of magic
 l - a potion of brilliance {unknown}
 p - a potion of ambrosia {unknown}
 r - a potion of berserk rage {unknown}
 w - a potion of flight {unknown}
 G - 3 potions of curing {unknown}
Books
 e - a book of Geomancy

   Spells                             Type                      Level
   a - Sandblast                      Earth                        1
   b - Passwall                       Transmutation/Earth          2
   c - Stone Arrow                    Conjuration/Earth            3
   d - Petrify                        Transmutation/Earth          4
   e - Lee's Rapid Deconstruction     Earth                        5
 D - a book of Changes

   Spells                             Type                      Level
   a - Beastly Appendage              Transmutation                1
   b - Sticks to Snakes               Transmutation                2
   c - Spider Form                    Transmutation/Poison         3
   d - Ice Form                       Ice/Transmutation            4
   e - Blade Hands                    Transmutation                5
Comestibles
 d - 5 bread rations
 g - 2 meat rations
 x - 3 fruits


   Skills:
 - Level 1.5 Dodging
 - Level 3.0 Stealth
 * Level 6.9 Spellcasting
 - Level 5.0 Transmutations
 - Level 10.0 Earth Magic


You had 6 spell levels left.
You knew the following spells:

 Your Spells              Type           Power        Failure   Level  Hunger
a - Sandblast             Erth           #####.       1%          1    None
b - Passwall              Tmut/Erth      #####.....   1%          2    None
c - Stone Arrow           Conj/Erth      ####..       4%          3    #......
d - Petrify               Tmut/Erth      #####...     6%          4    ###....
e - Lee's Rapid Deconstr  Erth           #####.....   6%          5    #####..


Dungeon Overview and Level Annotations

Branches:
Dungeon (7/15)             Temple (1/1) D:6

Altars:
Ashenzari
Cheibriados
Dithmenos
Elyvilon
Fedhas
Gozag
Hepliaklqana
Kikubaaqudgha
Makhleb
Nemelex Xobeh
Okawaru
Qazlal
Ru
Sif Muna
Uskayaw
Vehumet
Xom
Yredelemnul
Zin
The Shining One

Shops:
D:4 *

Annotations:
D:3 Natasha!, Natasha


Innate Abilities, Weirdness & Mutations

You cannot wear boots.
Your serpentine skin is tough. (AC +3)
You have supernaturally acute eyesight. (SInv)
Armour fits poorly on your strangely shaped body.
Your system is resistant to poisons. (rPois)
You cover ground very slowly.
You have a slow metabolism.
You can spit poison.


Message History

* * * LOW HITPOINT WARNING * * *
The hog barely misses you. The hog misses you.
Casting: Sandblast
Confirm with . or Enter, or press ? or * to list all spells.
Aiming: Sandblast
Press: ? - help, Shift-Dir - straight line, f/p - hog
Aim: a hog (almost dead)
The rocky blast hits the hog.
You kill the hog!
The hog bites you!
* * * LOW HITPOINT WARNING * * *
The hog bites you.
* * * LOW HITPOINT WARNING * * *
Zapping:
u - a wand of teleportation {zapped: 1} (will waste charges)
Press: ? - help, Shift-Dir - straight line, f - hog
Aim: a hog (chance to defeat MR: 51%)
The hog looks slightly unstable.
Evoking this partially-identified wand wasted a few charges.
The hog bites you.
You die...

.# .. ####### .# ...
#%%#..# .#######..
#%.#.. ...........
#..'. .......##.# #..#
........#.# #..
........#.# ##)##
......#.#.# #†h.#
........#.# ##@######
#####.#.#.# #.......#
#<....#'#'#####.......#
...###................#
...'.'...........######
...###...........# ...#
############# ...# ...#


You could see a hog.

Vanquished Creatures
  A yak (D:7)
  Eustachio (D:4)
  A human (D:7)
  2 hogs (D:7)
  2 hungry ghosts (D:7)
  Edmund (D:4)
  2 ice beasts (D:5)
  A sky beast (D:5)
  2 ogres (D:4)
  4 bullfrogs
  A scorpion (D:6)
  3 wights (D:7)
  A bullfrog zombie (D:5)
  4 hounds
  2 orc priests
  A jelly (D:3)
  An orc wizard (D:6)
  Ijyb (D:3)
  An iguana (D:5)
  6 worker ants
  Robin (D:4)
  4 gnolls (D:3)
  14 adders
  A shadow imp (D:5)
  2 oozes
  An adder zombie (D:5)
  4 worms
  3 dart slugs
  3 leopard geckos
  11 orcs
  2 ball pythons (D:5)
  9 giant cockroaches
  13 goblins
  17 hobgoblins
  10 jackals
  11 kobolds
  2 quokkas
  8 bats
  2 frilled lizards (D:1)
  A quokka zombie (D:5)
  7 rats
164 creatures vanquished.

Notes
Turn   | Place    | Note
-------+----------+-------------------------------------------
     0 | D:1      | Melicamp the Naga Earth Elementalist began the quest for the Orb.
     0 | D:1      | Reached XP level 1. HP: 15/15 MP: 3/3
   295 | D:1      | Reached XP level 2. HP: 19/22 MP: 2/5
   339 | D:1      | Learned a level 2 spell: Passwall
  1255 | D:2      | Reached XP level 3. HP: 28/28 MP: 1/7
  1318 | D:1      | Learned a level 3 spell: Stone Arrow
  1899 | D:2      | Reached skill level 4 in Earth Magic
  1899 | D:2      | Reached XP level 4. HP: 36/36 MP: 4/8
  3054 | D:3      | Noticed Ijyb
  3098 | D:3      | Reached XP level 5. HP: 34/42 MP: 3/9
  3191 | D:3      | Killed Ijyb
  3191 | D:3      | Reached skill level 5 in Earth Magic
  3601 | D:3      | Learned a level 4 spell: Petrify
  3720 | D:3      | Found a burning altar of Makhleb.
  3770 | D:3      | Noticed Natasha
  3915 | D:3      | Reached XP level 6. HP: 49/49 MP: 8/10
  3950 | D:3      | Reached skill level 6 in Earth Magic
  4050 | D:4      | Found a burning altar of Makhleb.
  4257 | D:4      | Noticed Eustachio
  4267 | D:4      | Killed Eustachio
  4267 | D:4      | Reached skill level 7 in Earth Magic
  4267 | D:4      | Reached XP level 7. HP: 54/55 MP: 4/11
  4738 | D:4      | Noticed Robin
  5013 | D:4      | Reached skill level 8 in Earth Magic
  5129 | D:4      | Killed Robin
  5765 | D:4      | Found an ancient bone altar of Kikubaaqudgha.
  5765 | D:4      | Found a radiant altar of Vehumet.
  5773 | D:4      | Noticed Edmund
  5795 | D:4      | Killed Edmund
  5795 | D:4      | Reached XP level 8. HP: 37/62 MP: 9/12
  5976 | D:4      | Found Juru's General Store.
  5985 | D:4      | Bought 3 curare-tipped needles for 18 gold pieces
  5985 | D:4      | Bought a wand of iceblast (7/15) for 110 gold pieces
  6239 | D:5      | Entered Level 5 of the Dungeon
  6307 | D:5      | Reached skill level 9 in Earth Magic
  6327 | D:5      | Found a snail-covered altar of Cheibriados.
  6440 | D:5      | Found an iron altar of Okawaru.
  7614 | D:6      | Reached skill level 10 in Earth Magic
  7925 | D:6      | Reached XP level 9. HP: 58/68 MP: 1/13
  8112 | D:6      | Found a staircase to the Ecumenical Temple.
  8138 | Temple   | Entered the Ecumenical Temple
  8475 | Temple   | Became a worshipper of Ashenzari the Shackled
  8485 | Temple   | Learned a level 5 spell: Lee's Rapid Deconstruction
  8761 | D:6      | Reached skill level 5 in Transmutations
  9034 | D:7      | Found a hide-covered altar of Uskayaw.
  9222 | D:7      | Reached skill level 5 in Spellcasting
  9296 | D:7      | HP: 3/68 [hog (1)]
  9297 | D:7      | Slain by a hog

Skill      XL: |  1  2  3  4  5  6  7  8  9 |
---------------+----------------------------+-----
Spellcasting   | 3 6 |  6.9
Earth Magic    | 4 5 7 8 10 | 10.0
Transmutations | 2 4 5 |  5.0
Dodging        | |  1.5
Stealth        | |  3.0

Action                   |  1- 3 |  4- 6 |  7- 9 || total
-------------------------+-------+-------+-------++-------
Melee: Unarmed           |    13 |     8 |     8 ||    29
       Flail             |       |       |    10 ||    10
Throw: Stone             |     2 |       |     1 ||     3
 Cast: Sandblast         |    61 |    72 |   164 ||   297
       Stone Arrow       |     3 |    16 |    21 ||    40
       Passwall          |       |     1 |       ||     1
Evoke: Wand              |       |       |     6 ||     6
  Use: Scroll            |     5 |     5 |     4 ||    14
       Potion            |       |     1 |     1 ||     2
  Eat: Chunk             |     3 |     8 |    11 ||    22
       Beef jerky        |       |       |     1 ||     1
       Fruit             |       |       |     3 ||     3
       Meat ration       |       |       |     1 ||     1
Armor: Robe              |    16 |    10 |    14 ||    40
       Animal skin       |       |       |    10 ||    10
Dodge: Dodged            |    25 |    39 |    54 ||   118
